 Dungeon Crawl Stone Soup version 0.28.0-45-g0d030f2227 (webtiles) character file.

Game seed: 18132211133747803095

121 Kziril the Skirmisher (level 5, -7/34 HPs)
             Began as a Gargoyle Fighter on Apr 19, 2022.
             Was a Believer of Nemelex Xobeh.
             Mangled by a chaos spawn (9 damage)
             ... summoned by the player character
             ... on level 3 of the Dungeon.
             The game lasted 00:06:23 (2387 turns).

Kziril the Skirmisher (Gargoyle Fighter)            Turns: 2387, Time: 00:06:26

Health: -7/34      AC: 11    Str: 20    XL:     5   Next: 5%
Magic:  5/5        EV:  9    Int:  8    God:    Nemelex Xobeh [**....]
Gold:   66         SH:  4    Dex: 11    Spells: 4/4 levels left

rFire   . . .      SeeInvis .   a - +0 flail
rCold   . . .      Faith    .   c - +0 buckler
rNeg    + . .      Spirit   .   b - +0 scale mail
rPois   ∞          Reflect  .   (no helmet)
rElec   +          Harm     .   (no cloak)
rCorr   .          Rampage  .   (no gloves)
Will    .....                   (no boots)
Stlth   ..........              (no amulet)
HPRegen 0.11/turn               (no ring)
MPRegen 0.09/turn               (no ring)

@: no status effects
A: sickness immunity, AC +4, negative energy resistance 1, electricity
resistance, torment resistance 1, petrification resistance
a: Renounce Religion, Draw Escape, Draw Destruction, Draw Summoning


You were on level 3 of the Dungeon.
You worshipped Nemelex Xobeh.
Nemelex Xobeh was pleased with you.
You visited 1 branch of the dungeon, and saw 4 of its levels.

You collected 66 gold pieces.

Inventory:

Hand Weapons
 a - a +0 flail (weapon)
Armour
 b - a +0 scale mail (worn)
 c - a +0 buckler (worn)
Scrolls
 f - a scroll of vulnerability {unknown}
 h - 2 scrolls of amnesia {unknown}
 i - a scroll of noise {unknown}
 j - 2 scrolls of fear {unknown}
 m - 3 scrolls of immolation {unknown}
Potions
 d - a potion of might
 e - a potion of brilliance {unknown}
 g - 2 potions of heal wounds {unknown}
 k - a potion of cancellation {unknown}
 l - a potion of invisibility {unknown}


   Skills:
 * Level 4.6 Fighting
 + Level 2.8 Maces & Flails
 + Level 4.0 Armour
 + Level 4.0 Shields


You had 4 spell levels left.
You didn't know any spells.
Your spell library contained the following spells:

 Spells                   Type           Power      Damage    Failure   Level
 Slow                     Hex            0%         N/A       85%         1
 Confusing Touch          Hex            0%         N/A       99%         3
 Gell's Gravitas          Tloc           0%         N/A       99%         3
 Lesser Beckoning         Tloc           0%         N/A       99%         3
 Teleport Other           Tloc           0%         N/A       99%         3
 Tukima's Dance           Hex            0%         N/A       99%         3
 Vampiric Draining        Necr           0%         2d6       99%         3
 Passage of Golubria      Tloc           0%         N/A       100%        4
 Yara's Violent Unravell  Hex/Tmut       0%         3d3       100%        5
 Dispersal                Tloc           0%         N/A       100%        6


Dungeon Overview and Level Annotations

Branches:
Dungeon (4/15)
 Temple: D:4-7

Altars:
Nemelex Xobeh

Shops:
D:2 (

Annotations:
D:3 Grinder


Innate Abilities, Weirdness & Mutations

You are immune to sickness and miasma.
Your stone body is resilient. (AC +4)
You are immune to poison.
You resist negative energy. (rN+)
You are resistant to electric shocks. (rElec)
You are resistant to unholy torment.
You are immune to petrification.


Message History

Grinder shouts!
You draw a card...
You have drawn Degeneration.
Nothing appears to happen.
Unknown command.
You draw a card...
You have drawn the Dance.
Grinder gestures at you. Pain shoots through your body!
Grinder blinks!
Your +0 hand axe misses Grinder.
Grinder hits your +0 hand axe!
Your +0 hand axe hits Grinder.
Grinder hits your +0 hand axe.
Your +0 hand axe is destroyed!
Your +0 hand axe disappears in a puff of smoke!
You hit Grinder.
Grinder is lightly wounded.
Grinder hits you.
You writhe in agony.
You sock Grinder!
Grinder is moderately wounded.
Grinder hits you but does no damage. Grinder gestures at you.
You suddenly lose the ability to move!
Grinder hits you. Grinder hits you but does no damage.
You can move again.
You draw a card...
You have drawn the Pentagram.
Grinder gestures at you. Pain shoots through your body!
You completely miss Grinder.
Grinder is moderately wounded.
Your hell hound bites Grinder!
Grinder says, "DUCK!"
Grinder hits you!
You writhe in agony.
You closely miss Grinder.
Grinder is heavily wounded.
Your hell hound bites Grinder but does no damage.
Your hell hound bites Grinder!
Grinder hits your hell hound. The chaos spawn hits you!
* * * LOW HITPOINT WARNING * * *
You are engulfed in flames!
You die...
Your body disappears without a glow.

#..# ###.###
##.# ##...#
#)####..###
#......##
##.<.###
#.#.# ##.#.#
#4.#.###
#@##....###
#5#####...###
#h# #<..# ..#
###.....#
..## ..###
.## .# .. #
≈. ≈≈


You could see Grinder (ally target), a chaos spawn (summoned) and a friendly
hell hound (summoned).

Vanquished Creatures
  Ijyb (D:2)
  4 adders
  2 worms (D:2)
  A dart slug (D:2)
  An orc (D:3)
  5 ball pythons
  5 bats
  3 endoplasms
  3 giant cockroaches
  3 goblins
  4 hobgoblins
  3 jackals (D:2)
  3 kobolds
  4 quokkas
  9 frilled lizards
  3 rats
54 creatures vanquished.

Vanquished Creatures (others)
  A kobold (D:2)
  2 plants (D:3)
3 creatures vanquished.

Grand Total: 57 creatures vanquished

Notes
Turn   | Place    | Note
-------+----------+-------------------------------------------
     0 | D:1      | Kziril the Gargoyle Fighter began the quest for the Orb.
     0 | D:1      | Reached XP level 1. HP: 14/14 MP: 1/1
    42 | D:1      | Reached XP level 2. HP: 14/19 MP: 2/2
   742 | D:1      | Reached XP level 3. HP: 24/24 MP: 3/3
   753 | D:1      | Found a faded altar of an unknown god.
   769 | D:1      | Prayed at the altar of an unknown god.
   769 | D:1      | Became a worshipper of Nemelex Xobeh the Trickster
   769 | D:1      | Reached * piety under Nemelex Xobeh
  1162 | D:2      | Found Milurphyb's Weapon Shoppe.
  1203 | D:2      | Reached XP level 4. HP: 18/29 MP: 4/4
  1718 | D:2      | Received a gift from Nemelex Xobeh
  1799 | D:3      | Noticed Ijyb
  1813 | D:2      | Paralysed by Ijyb for 6 turns
  1819 | D:2      | Killed Ijyb
  2147 | D:3      | Reached ** piety under Nemelex Xobeh
  2205 | D:3      | Reached XP level 5. HP: 28/34 MP: 5/5
  2283 | D:3      | Received a gift from Nemelex Xobeh
  2371 | D:3      | Noticed Grinder
  2382 | D:3      | Paralysed by Grinder for 3 turns
  2385 | D:3      | Noticed a chaos spawn
  2387 | D:3      | Mangled by a chaos spawn

Illustrated notes

Levels and vault maps discovered:
D:1:      saegor_arrival_simple_c, layout_basic,
          chequers_ecumenical_altar_simple
D:2:      layout_loops_ring, serial_shops, nicolae_square_shop,
          minmay_lizard_pond
D:3:      layout_rooms, fedhas_ov_isle_minmay, minmay_misc_feat_rugged,
          bh_walls_and_bars, uniq_ijyb, uniq_jessica, uniq_grinder
D:4:      layout_cave_pools, minmay_ruined_shrine, uniq_duvessa

Skill      XL: |  1  2  3  4 |
---------------+-------------+-----
Fighting       | 4 |  4.6
Armour         | 4 |  4.0
Shields        | 4 |  4.0
Maces & Flails | |  2.8

Action                   |  1- 3 |  4- 6 || total
-------------------------+-------+-------++-------
Melee: Flail             |   134 |    78 ||   212
Invok: Draw Destruction  |       |     5 ||     5
       Draw Summoning    |       |     2 ||     2
Armor: Scale mail        |    54 |    57 ||   111
Dodge: Dodged            |    74 |    32 ||   106
Block: Buckler           |    30 |    15 ||    45
